 Dungeon Crawl Stone Soup version 0.26-a0-757-g626ac9e51a (webtiles) character file.

Game seed: 3681046108737151439

942 miscthings the Fighter (level 7, -9/40 HPs)
             Began as a Felid Transmuter on Nov 8, 2020.
             Killed from afar by Maggie (26 damage)
             ... with a bolt of fire
             ... on level 6 of the Dungeon.
             The game lasted 00:09:56 (4400 turns).

miscthings the Fighter (Felid Transmuter)           Turns: 4400, Time: 00:09:57

Health: -9/40      AC:  2    Str:  6    XL:     7   Next: 88%
Magic:  10/12      EV: 19    Int: 17    God:
Gold:   61         SH:  0    Dex: 16    Spells: 1/11 levels left
                                        Lives:  0   Deaths: 2

rFire    . . .     SeeInvis +     - Unarmed
rCold    . . .     Faith    .   (shield unavailable)
rNeg     . . .     Spirit   .   (armour unavailable)
rPois    .         Reflect  .   (helmet unavailable)
rElec    .         Harm     .   (cloak unavailable)
rCorr    .         Rampage  .   (gloves unavailable)
MR       +....                  (boots unavailable)
Stlth    +++.......             (no amulet)
HPRegen  0.13/turn              (no ring)
MPRegen  0.13/turn              (no ring)

@: appendages, quick
A: very small, no armour, no weapons or thrown items, stealth, claws 1, fangs 3,
horns 2, see invisible, speed 1, shaggy fur 2, sharp paws
a: End Transformation


You were on level 6 of the Dungeon.
You had grown temporary horns.
You visited 1 branch of the dungeon, and saw 6 of its levels.

You collected 116 gold pieces.
You spent 55 gold pieces at shops.

Inventory:

Scrolls
 d - a scroll of identify {@r1}
 f - a scroll of teleportation
 g - a scroll of fog {unknown}
 h - a scroll of magic mapping
 k - 2 scrolls of remove curse
 m - a scroll of blinking {unknown}
Potions
 a - a potion of attraction {unknown}
 b - 2 potions of heal wounds
 c - a potion of magic {unknown}
 e - a potion of haste {unknown}
 i - a potion of resistance
 j - a potion of flight {unknown}
 l - 3 potions of brilliance {unknown}
 n - 3 potions of curing {unknown}


   Skills:
 + Level 11.2 Fighting
 + Level 3.8 Dodging
 + Level 2.6 Stealth
 + Level 10.3 Unarmed Combat
 + Level 2.8 Spellcasting
 + Level 4.6 Transmutations


You had one spell level left.
You knew the following spells:

 Your Spells              Type           Power        Failure   Level
a - Beastly Appendage     Tmut           ###...       2%          1
b - Spider Form           Tmut/Pois      ##........   21%         3
c - Blade Hands           Tmut           ###.......   58%         5
d - Summon Small Mammal   Summ           #...         19%         1

Your spell library contained the following spells:

 Spells                   Type           Power        Failure   Level
 Animate Skeleton         Necr           #.....       19%         1
 Apportation              Tloc           #.....       19%         1
 Corona                   Hex            #......      19%         1
 Wereblood                Tmut           ###.....     4%          2
 Ice Form                 Ice/Tmut       ##......     56%         4


Dungeon Overview and Level Annotations

Branches:
Dungeon (6/15)
 Temple: D:4-7

Altars:
Dithmenos
Fedhas
Hepliaklqana
Okawaru
Uskayaw

Shops:
D:4 *   D:6 *

Annotations:
D:6 Maggie


Innate Abilities, Weirdness & Mutations

You cannot wear armour.
You are incapable of wielding weapons or throwing items.
Your paws allow you to move quietly. (Stealth)
You have sharp claws.
You have razor-sharp teeth.
You have supernaturally acute eyesight. (SInv)
You cover ground quickly.
You are covered in thick fur. (AC +2)
Your sharp claws are effective at attacking unaware monsters.
You have a pair of horns on your head.


Message History

Your bat hits Maggie but does no damage.
Maggie completely misses you.
You scratch Maggie but do no damage.
Maggie is heavily wounded.
Your bat hits Maggie but does no damage. x2
Your rat barely misses Maggie.
You claw Maggie!
Maggie is severely wounded.
Your bat hits Maggie but does no damage. x2
Your rat bites Maggie but does no damage.
Maggie misses you.
You scratch Maggie but do no damage.
Maggie is severely wounded.
Your bat closely misses Maggie.
Your bat hits Maggie but does no damage.
Your bat barely misses Maggie.
Your rat barely misses Maggie.
Maggie gestures at you while chanting. The bolt of fire hits you!!
Ouch! That really hurt!
You die...

.# ..# ..#
..#
######..####
#..........+
#..(...#
#.r@...#
+.@.<..#
#.bb...#
.........(#
.......####
#....>..+
#....?..#
....∩..<+
.......


You could see Maggie, 2 friendly bats and a friendly rat (summoned).

Vanquished Creatures
  Grinder (D:5)
  Menkaure (D:4)
  2 sky beasts (D:5)
  An ogre (D:4)
  A centaur (D:5)
  A bullfrog (D:5)
  A howler monkey (D:4)
  A hound (D:4)
  A bullfrog skeleton (D:4)
  An orc wizard (D:3)
  A centaur skeleton (D:4)
  2 iguanas
  2 worker ants
  A gnoll (D:1)
  9 adders
  An ufetubus (D:5)
  4 oozes
  2 worms (D:2)
  A dart slug (D:1)
  5 leopard geckos
  4 orcs
  4 bats
  2 giant cockroaches (D:1)
  3 hobgoblins
  3 quokkas
  7 frilled lizards
  5 goblins
  4 kobolds
  8 rats
79 creatures vanquished.

Vanquished Creatures (others)
  A plant (D:4)
  7 toadstools (D:5)
8 creatures vanquished.

Grand Total: 87 creatures vanquished

Notes
Turn   | Place    | Note
-------+----------+-------------------------------------------
     0 | D:1      | miscthings the Felid Transmuter began the quest for the
                  | Orb.
     0 | D:1      | Reached XP level 1. HP: 9/9 MP: 4/4
    62 | D:1      | Reached XP level 2. HP: 7/12 MP: 4/6
   549 | D:1      | Reached XP level 3. HP: 14/15 MP: 7/7
   648 | D:1      | Learned a level 3 spell: Spider Form
  1154 | D:2      | Found a hazy altar of Hepliaklqana.
  1240 | D:2      | Found a shadowy altar of Dithmenos.
  1610 | D:2      | Reached XP level 4. HP: 15/19 MP: 4/8
  2625 | D:3      | Reached XP level 5. HP: 8/22 MP: 9/9
  2817 | D:4      | HP: 1/22 [orc/+3 falchion of draining (7)]
  2826 | D:4      | Slain by a hound
  2827 | D:4      | Reached XP level 4. HP: -4/19 MP: 8/8
  2832 | D:4      | Reached skill level 11 in Fighting
  2832 | D:4      | Reached XP level 5. HP: 33/33 MP: 9/9
  2833 | D:4      | Reached skill level 10 in Unarmed Combat
  2833 | D:4      | Gained mutation: You are covered in thick fur. (AC +2)
                  | [Felid growth]
  2833 | D:4      | Reached XP level 6. HP: 37/37 MP: 10/10
  2837 | D:4      | Found a hide-covered altar of Uskayaw.
  2838 | D:4      | Found an iron altar of Okawaru.
  3002 | D:4      | Noticed Menkaure
  3013 | D:4      | Killed Menkaure
  3013 | D:4      | Reached skill level 1 in Stealth
  3021 | D:4      | Learned a level 5 spell: Blade Hands
  3097 | D:4      | Found a blossoming altar of Fedhas.
  3105 | D:4      | Reached XP level 7. HP: 40/40 MP: 9/11
  3131 | D:4      | Found Waeph's General Store.
  3137 | D:4      | Bought a potion of heal wounds for 55 gold pieces
  3637 | D:5      | Entered Level 5 of the Dungeon
  3668 | D:5      | Noticed Grinder
  3684 | D:5      | Paralysed by Grinder for 7 turns
  3686 | D:5      | HP: 2/40 [Grinder (2)]
  3687 | D:5      | Mangled by Grinder
  3688 | D:5      | Reached XP level 6. HP: -6/37 MP: 10/10
  3708 | D:5      | Noticed a sky beast
  3714 | D:5      | Killed a sky beast
  3736 | D:5      | Reached XP level 7. HP: 18/40 MP: 11/11
  3756 | D:5      | Paralysed by Grinder for 5 turns
  3980 | D:5      | Learned a level 1 spell: Summon Small Mammal
  4320 | D:5      | Paralysed by Grinder for 7 turns
  4330 | D:5      | Killed Grinder
  4377 | D:6      | Found Coghoz's General Store.
  4377 | D:6      | Noticed Maggie
  4400 | D:6      | Killed from afar by Maggie

Illustrated notes

Levels and vault maps discovered:
D:1:      giann_horns, layout_loops_corners
D:2:      layout_rooms, nicolae_dithmenos_through_a_glass_darkly,
          lemuel_round_altar
D:3:      layout_basic, serial_undead, serial_undead_c, serial_undead_c,
          serial_undead_c, serial_undead_a
D:4:      layout_loops_ring, chequers_temple_overflow_statue_of_worship,
          fedhas_altar_1, serial_shops, kennysheep_little_box,
          kennysheep_generic_room_4, uniq_menkaure
D:5:      cheibrodos_fertilizer, layout_rooms, nrook_uturn, uniq_grinder
D:6:      layout_basic, minmay_temple_entry_hall, serial_shops, shop,
          cheibrodos_sewer_entry_drain, uniq_maggie, uniq_blork_the_orc

Skill      XL: |  1  2  3  4  5  6 |
---------------+-------------------+-----
Unarmed Combat | 4 10 | 10.3
Transmutations | 3 4 |  4.6
Fighting       | 11 | 11.2
Dodging        | 3 |  3.8
Stealth        | 2 |  2.6
Spellcasting   | |  2.8

Action                   |  1- 3 |  4- 6 |  7- 9 || total
-------------------------+-------+-------+-------++-------
Melee: Unarmed           |    87 |    72 |    79 ||   238
       Headbutt          |    11 |    17 |     9 ||    37
       Bite              |     4 |     7 |     8 ||    19
       Punch             |       |     3 |     1 ||     4
 Cast: Beastly Appendage |    14 |    14 |    12 ||    40
       Spider Form       |     4 |     1 |       ||     5
       Summon Small Mamm |       |       |     9 ||     9
  Use: Scroll            |       |     4 |     3 ||     7
       Potion            |       |     2 |       ||     2
 Stab: Sleeping          |     2 |     4 |     1 ||     7
Armor: Skin              |     4 |     8 |     5 ||    17
Dodge: Dodged            |    90 |    61 |    52 ||   203

Table legend: (Time is in decaauts)
 A = Elapsed time spent in this place.
 B = Non-inter-level travel time spent in this place.
 C = Inter-level travel time spent in this place.
 D = Time resting spent in this place.
 E = Time spent auto-exploring this place.
 F = Levels seen in this place.
 G = Mean time per level.
                   A        B        C        D        E       F      G
               +--------+--------+--------+--------+--------+-----+--------+
         Total |   3947 |   3800 |    147 |   1819 |   1193 |   6 |  657.8 |
       Dungeon |   3947 |   3800 |    147 |   1819 |   1193 |   6 |  657.8 |
               +--------+--------+--------+--------+--------+-----+--------+

Top non-repeatable levels by time:
     D:2: 1170 daAuts
     D:1: 983 daAuts
     D:4: 958 daAuts
     D:5: 418 daAuts
     D:3: 396 daAuts
     D:6: 19 daAuts
